 Dungeon Crawl Stone Soup version 0.32-a0-646-g91cf321817 (webtiles) character file.

Game seed: 632841982576081219

48 GordonOverkill the Sneak (level 3, -4/23 HPs)
             Began as a Deep Elf Delver on Mar 8, 2024.
             Slain by an iguana (10 damage)
             ... on level 4 of the Dungeon.
             The game lasted 00:02:39 (467 turns).

GordonOverkill the Sneak (Deep Elf Delver)           Turns: 467, Time: 00:02:39

Health: -4/23      AC:  3    Str:  9    XL:     3   Next: 50%
Magic:  9/9        EV: 12    Int: 16    God:
Gold:   0          SH:  0    Dex: 16    Spells: 8/8 levels left

rFire   . . .        a - +0 short sword
rCold   . . .        (no shield)
rNeg    . . .        b - +0 leather armour
rPois   .            (no helmet)
rElec   .            (no cloak)
rCorr   .            (no gloves)
SInv    .            (no boots)
Will    .....        (no amulet)
Stlth   +++          (no ring)
HPRegen 0.23/turn    (no ring)
MPRegen 0.11/turn

%: no passive effects
@: no status effects
A: no striking features
a: no special abilities


You were on level 4 of the Dungeon.
You visited 1 branch of the dungeon, and saw 3 of its levels.

Inventory:

Hand Weapons
 a - a +0 short sword (weapon)
Armour
 b - a +0 leather armour (worn)
Wands
 g - a wand of digging (3)
Scrolls
 c - a scroll of fog
 d - a scroll of revelation


   Skills:
 - Level 3.0 Fighting
 - Level 2.0 Short Blades
 - Level 2.4 Dodging
 - Level 6.0 Stealth
 - Level 3.0 Spellcasting
 - Level 1.0 Conjurations
 + Level 0.1 Evocations


You had 8 spell levels left.
You didn't know any spells.
Your spell library contained the following spells:

 Spells                   Type           Power      Damage    Failure   Level
 Lesser Beckoning         Tloc           4%         N/A       36%         2
 Gell's Gravitas          Tloc           2%         N/A       61%         3
 Teleport Other           Tloc           2%         N/A       61%         3


Dungeon Overview and Level Annotations

Branches:
Dungeon (6/15)
 Temple: D:4-7

Altars:
Dithmenos
Makhleb
Nemelex Xobeh
Trog
The Shining One

Annotations:
D:4 exclusion: gnoll
D:5 exclusions: centaur and ice beast


Message History

Your extra speed is starting to run out.
The giant cockroach closely misses you.
You hit the giant cockroach.
The giant cockroach is severely wounded.
The giant cockroach barely misses you.
You hit the giant cockroach but do no damage.
The giant cockroach is severely wounded.
The giant cockroach barely misses you.
You hit the giant cockroach but do no damage.
The giant cockroach is severely wounded.
You closely miss the giant cockroach.
The giant cockroach is severely wounded.
The giant cockroach closely misses you.
You barely miss the giant cockroach.
The giant cockroach is severely wounded.
The giant cockroach closely misses you.
You barely miss the giant cockroach.
The giant cockroach is severely wounded.
The giant cockroach closely misses you.
You hit the giant cockroach but do no damage.
The giant cockroach is severely wounded.
You hit the giant cockroach but do no damage.
The giant cockroach is severely wounded.
The giant cockroach bites you but does no damage.
The iguana misses you.
You closely miss the giant cockroach.
The giant cockroach is severely wounded.
You feel yourself slow down.
The giant cockroach bites you but does no damage.
You hit the giant cockroach.
You kill the giant cockroach!
The iguana bites you.
* * * LOW HITPOINT WARNING * * *
You see here a giant cockroach corpse.
You aren't carrying any potions.
Unknown command.
Okay, then.
Okay, then.
The iguana attacks as it pursues you! The iguana bites you!
You die...

... ... .... .....
###################.....
.........†..............
################l.#####
#@.# #..# #..# #...
#.### #.. ###


You could see an iguana.

Vanquished Creatures
  A hound (D:5)
  4 orcs (D:4)
  A ball python (D:4)
  A giant cockroach (D:4)
  A goblin (D:4)
  A hobgoblin (D:4)
  2 jackals
11 creatures vanquished.

Notes
Turn   | Place    | Note
-------+----------+-------------------------------------------
     0 | D:5      | GordonOverkill the Deep Elf Delver began the quest for the
                  | Orb.
     0 | D:5      | Reached XP level 1. HP: 13/13 MP: 3/3
     1 | D:6      | Noticed an ogre
    11 | D:5      | Noticed a hound
    14 | D:5      | Killed a hound
    15 | D:5      | Reached XP level 2. HP: 19/19 MP: 3/7
    15 | D:5      | Reached XP level 3. HP: 23/23 MP: 3/8
    65 | D:6      | Noticed a kobold brigand
   152 | D:5      | Noticed a centaur
   155 | D:5      | Noticed an ice beast
   164 | D:5      | Found a burning altar of Makhleb.
   164 | D:5      | Found a bloodstained altar of Trog.
   168 | D:5      | Found a sparkling altar of Nemelex Xobeh.
   171 | D:5      | Found a shadowy altar of Dithmenos.
   175 | D:5      | Noticed an ogre
   296 | D:4      | Found a glowing golden altar of the Shining One.
   392 | D:4      | Reached skill level 1 in Conjurations
   401 | D:4      | HP: 1/23 [iguana (8)]
   467 | D:4      | Slain by an iguana

Illustrated notes

Levels and vault maps discovered:
D:4:      layout_basic, mainiacjoe_overflow_cross_hatched,
          minmay_temple_entry_waves
D:5:      layout_cave_pools, xom_confusion_cloud,
          nicolae_overflow_macrodata_refinement
D:6:      layout_loops_ring, tgw_sif, uniq_grinder

Skill      XL: |  1  2  3 |
---------------+----------+-----
Fighting       | 3 |  3.0
Spellcasting   | 2 3 |  3.0
Conjurations   | 1 |  1.0
Short Blades   | |  2.0
Dodging        | |  2.4
Stealth        | |  6.0
Evocations     | |  0.1

Action                     || total
---------------------------++-------
  Melee: Short sword       ||    46
    Use: Scroll            ||     1
         Potion            ||     1
   Stab: Sleeping          ||     2
 Armour: Leather armour    ||    23
  Dodge: Dodged            ||    33

Table legend: (Time is in decaauts)
 A = Elapsed time spent in this place.
 B = Non-inter-level travel time spent in this place.
 C = Inter-level travel time spent in this place.
 D = Time resting spent in this place.
 E = Time spent auto-exploring this place.
 F = Levels seen in this place.
 G = Mean time per level.
                   A        B        C        D        E       F      G
               +--------+--------+--------+--------+--------+-----+--------+
         Total |    445 |    445 |      0 |    165 |     48 |   3 |  148.3 |
       Dungeon |    445 |    445 |      0 |    165 |     48 |   3 |  148.3 |
               +--------+--------+--------+--------+--------+-----+--------+

Top non-repeatable levels by time:
     D:4: 258 daAuts
     D:5: 179 daAuts
     D:6: 7 daAuts
